 Dungeon Crawl Stone Soup version 0.26-a0-466-g989023bd0d (webtiles) character file.

Game seed: 14984566751097208257

385 Infinimo the Magician (level 6, -19/41 HPs)
             Began as a Mummy Fire Elementalist on July 30, 2020.
             Was an Initiate of Sif Muna.
             Killed from afar by a wretched star (24 damage)
             ... with a lance of force
             ... on level 1 of the Abyss.
             The game lasted 00:07:37 (6040 turns).

Infinimo the Magician (Mummy Fire Elementalist)     Turns: 6040, Time: 00:07:38

Health: -19/41     AC:  6    Str: 11      XL:     6   Next: 48%
Magic:  12/12      EV: 11    Int: 17      God:    Sif Muna [......]
Gold:   218        SH:  0    Dex:  3 (12) Spells: 8/13 levels left

rFire    x . .     SeeInvis .   e - +1 whip (flame)
rCold    + . .     Faith    .   (no shield)
rNeg     + + +     Spirit   .   a - +0 robe
rPois    ∞         Reflect  .   (no helmet)
rElec    .         Harm     .   g - +0 cloak (curse)
rCorr    .                      (no gloves)
MR       .....                  i - +2 pair of boots
Stlth    +.........             (no amulet)
HPRegen  0.13/turn              b - ring of positive energy
MPRegen  0.13/turn              (no ring)

@: no status effects
A: no potions, fire vulnerability, cold resistance 1, negative energy resistance
3, torment resistance, unbreathing
a: Renounce Religion


You were on level 1 of the Abyss.
You worshipped Sif Muna.
Sif Muna was noncommittal.
You visited 1 branch of the dungeon, and saw 4 of its levels.
You visited the Abyss 1 time.

You collected 218 gold pieces.

Inventory:

Hand Weapons
 e - a +1 whip of flaming (weapon)
Armour
 a - a +0 robe (worn)
 g - a cursed +0 cloak (worn)
 i - a +2 pair of boots (worn)
Jewellery
 b - a ring of positive energy (left hand)
Wands
 k - a wand of iceblast (4)
Scrolls
 c - 2 scrolls of remove curse
 d - a scroll of blinking {unknown}
 f - 2 scrolls of identify
 h - 2 scrolls of teleportation
 j - 2 scrolls of immolation
 l - a scroll of enchant weapon {unknown}


   Skills:
 - Level 1.5 Dodging
 - Level 1.5 Stealth
 + Level 4.3 Spellcasting
 * Level 3.4 Conjurations
 * Level 4.3 Fire Magic


You had 8 spell levels left.
You knew the following spells:

 Your Spells              Type           Power        Failure   Level
a - Foxfire               Conj/Fire      ###.         3%          1
b - Sticky Flame          Conj/Fire      ###.....     30%         4

Your spell library contained the following spells:

 Spells                   Type           Power        Failure   Level
 Conjure Flame            Conj/Fire      ###.....     10%         3
 Inner Flame              Hex/Fire       ##......     19%         3
 Fireball                 Conj/Fire      ###.......   65%         5
 Haunt                    Necr/Summ      #.........   100%        7
 Infestation              Necr           #.........   100%        8
 Borgnjor's Revivificati  Necr           Unusable     N/A         8
 Necromutation            Tmut/Necr      Unusable     N/A         8
 Death's Door             Necr           Unusable     N/A         9

Dungeon Overview and Level Annotations

Branches:
Dungeon (4/15)
 Temple: D:4-7

Altars:
Elyvilon
Sif Muna
Uskayaw
Vehumet

Annotations:
D:3 Sickboy's ghost, amateur HOFi
D:4 Edmund


Innate Abilities, Weirdness & Mutations

You do not drink.
Your flesh is vulnerable to fire.
You are immune to poison.
Your flesh is cold resistant. (rC+)
You are immune to negative energy. (rN+++)
You are immune to unholy pain and torment.
You can survive without breathing.


Message History

l - a scroll labeled WAMMAAD SOIMIH
There are no items here.
You pick up a Necronomicon and begin reading...
You add the spells Haunt and Infestation to your library.
A wretched star comes into view.
The wretched star pulses with an eldritch light!
Your body decomposes!
You feel clumsy.
You see here 22 gold pieces.
The wretched star glows turbulently.
The lance of force hits you!!
Ouch! That really hurt!
You are knocked back by the lance of force.
You slam into the rock wall!
* * * LOW HITPOINT WARNING * * *
Found a corrupted altar of Lugonu.
The wretched star glows turbulently.
The lance of force hits you!!
Ouch! That really hurt!
You die...

... ...###... .. #.
...## . . # # ...
#.. #.##...# .. .
##.## #.##..... .
.#.##...###...#...
... ..#.....#.*....#
....
#......######.######
#.._..#.... ... . .
#@..##.#.###. ###
##.###* .# ##
#...##.#..
#..##*#.##. #
#....#...........
######.##.######.
... ##.. #### ###


You could see a wretched star.

Vanquished Creatures
  Crazy Yiuf (D:2)
  2 quasits (D:3)
  An orc priest (D:3)
  4 orc wizards
  Jessica (D:1)
  5 adders
  A worm (D:2)
  2 leopard geckos
  10 orcs
  5 bats
  5 giant cockroaches
  9 goblins
  8 hobgoblins
  2 jackals (D:3)
  2 quokkas (D:2)
  2 ball pythons
  4 frilled lizards
  5 kobolds (D:2)
  A quokka skeleton (D:4)
  6 rats
76 creatures vanquished.

Vanquished Creatures (others)
  463 foxfires
463 creatures vanquished.

Grand Total: 539 creatures vanquished

Notes
Turn   | Place    | Note
-------+----------+-------------------------------------------
     0 | D:1      | Infinimo the Mummy Fire Elementalist began the quest for
                  | the Orb.
     0 | D:1      | Reached XP level 1. HP: 13/13 MP: 4/4
   179 | D:1      | Reached skill level 1 in Conjurations
   297 | D:1      | Reached XP level 2. HP: 19/19 MP: 0/5
  1280 | D:2      | Noticed Jessica
  1294 | D:1      | Killed Jessica
  1294 | D:1      | Reached XP level 3. HP: 21/24 MP: 1/7
  1911 | D:2      | Reached XP level 4. HP: 27/30 MP: 9/9
  2557 | D:2      | Found a radiant altar of Vehumet.
  2559 | D:2      | Found a hide-covered altar of Uskayaw.
  2560 | D:2      | Found a white marble altar of Elyvilon.
  3085 | D:2      | Found a runed translucent door.
  3086 | D:2      | Noticed Crazy Yiuf
  3612 | D:2      | Killed Crazy Yiuf
  3612 | D:2      | Reached XP level 5. HP: 28/35 MP: 2/10
  3742 | D:3      | Learned a level 4 spell: Sticky Flame
  4526 | D:3      | Reached XP level 6. HP: 39/41 MP: 0/12
  4739 | D:3      | Found a transporter.
  4744 | D:3      | Noticed Sickboy's ghost (amateur HOFi)
  4764 | D:3      | Found a transporter.
  4998 | D:3      | Found a shimmering blue altar of Sif Muna.
  5025 | D:3      | Became a worshipper of Sif Muna the Loreminder
  5915 | D:4      | Noticed Edmund
  5921 | D:4      | Cast into level 1 of the Abyss (Edmund)
  5980 | Abyss:1  | Noticed a starcursed mass
  5998 | Abyss:1  | Noticed a neqoxec
  6025 | Abyss:1  | Noticed a wretched star
  6038 | Abyss:1  | Found a corrupted altar of Lugonu.
  6040 | Abyss:1  | Killed from afar by a wretched star

Illustrated notes

Levels and vault maps discovered:
D:1:      lightli_arrival_noodles, layout_rooms
D:2:      wad_pebble_path, layout_basic, grunt_temple_overflow_open,
          uniq_jessica, uniq_crazy_yiuf_cottage
D:3:      layout_basic, tgw_sif, gammafunk_ghost_stat_death,
          kennysheep_big_empty_room
D:4:      layout_cave_pods, gammafunk_temple_overflow_claw,
          minmay_stone_trees_small, minmay_misc_feat_enclosed, uniq_edmund,
          uniq_robin, uniq_eustachio
Abyss:1:  base: D:2, abyss_greek_temple

Skill      XL: |  1  2  3  4  5 |
---------------+----------------+-----
Conjurations   | 1 2 3 |  3.4
Spellcasting   | 3 4 |  4.3
Fire Magic     | 3 4 |  4.3
Dodging        | |  1.5
Stealth        | |  1.5

Action                   |  1- 3 |  4- 6 || total
-------------------------+-------+-------++-------
Melee: Unarmed           |     5 |       ||     5
       Dagger            |    29 |    16 ||    45
 Cast: Foxfire           |    93 |   185 ||   278
       Sticky Flame      |       |     2 ||     2
  Use: Scroll            |     4 |     5 ||     9
Armor: Robe              |    12 |    85 ||    97
Dodge: Dodged            |    30 |   123 ||   153

Table legend: (Time is in decaauts)
 A = Elapsed time spent in this place.
 B = Non-inter-level travel time spent in this place.
 C = Inter-level travel time spent in this place.
 D = Time resting spent in this place.
 E = Time spent auto-exploring this place.
 F = Levels seen in this place.
 G = Mean time per level.
                   A        B        C        D        E       F      G
               +--------+--------+--------+--------+--------+-----+--------+
         Total |   6040 |   5663 |    377 |    942 |   3793 |   5 | 1208.0 |
       Dungeon |   5922 |   5545 |    377 |    942 |   3735 |   4 | 1480.5 |
         Abyss |    118 |    118 |      0 |      0 |     58 |   1 |  118.0 |
               +--------+--------+--------+--------+--------+-----+--------+

Top non-repeatable levels by time:
     D:2: 2763 daAuts
     D:3: 1699 daAuts
     D:1: 1346 daAuts
 Abyss:1: 118 daAuts
     D:4: 112 daAuts
